 Dungeon Crawl Stone Soup version 0.21-a0-154-gb5400c9 (webtiles) character file.

9944 Lunath the Grappler (level 11, -10/109 HPs)
             Began as a Troll Monk on Aug 2, 2017.
             Was a Follower of Uskayaw.
             Mangled by a white ugly thing (27 damage)
             ... on level 11 of the Dungeon.
             The game lasted 00:22:17 (8030 turns).

Lunath the Grappler (Troll Monk)                    Turns: 8030, Time: 00:22:18

Health: -10/109    AC:  6    Str: 21    XL:     11   Next: 29%
Magic:  4/13       EV: 11    Int:  9    God:    Uskayaw [*.....]
Gold:   587        SH:  8    Dex: 12    Spells: 7/10 levels left

rFire    + . .     SeeInvis .     - Unarmed
rCold    . . .     Gourm    +   M - +0 shield
rNeg     . . .     Faith    .   l - +1 robe
rPois    .         Spirit   .   (helmet restricted)
rElec    .         Reflect  .   (no cloak)
rCorr    .         Harm     .   (gloves unavailable)
MR       +....                  (boots unavailable)
Stlth    ++........             (no amulet)
HPRegen  0.68/turn              m - ring of protection from fire
MPRegen  0.13/turn              e - ring of protection from magic

@: no status effects
A: unfitting armour, claws 3, fast metabolism 3, gourmand, regeneration 1,
shaggy fur 1, tough skin 2
a: Stomp, Renounce Religion


You were on level 11 of the Dungeon.
You worshipped Uskayaw.
Uskayaw was noncommittal.
You were very full.

You visited 3 branches of the dungeon, and saw 13 of its levels.

You collected 587 gold pieces.

Inventory:

Hand Weapons
 a - a +4 scimitar of flaming
 F - a +0 giant spiked club
Armour
 l - a +1 robe (worn)
 M - a +0 shield (worn)
Jewellery
 c - an uncursed ring of magical power
 e - a ring of protection from magic (right claw)
 f - an uncursed ring of flight
 m - a ring of protection from fire (left claw)
 w - an uncursed ring of protection from magic
Wands
 o - a wand of digging (13/24)
 u - a wand of polymorph (20/24)
 y - a wand of polymorph (5/24)
 D - a wand of acid (11/15)
 K - a wand of paralysis (12/24)
 N - a wand of polymorph (5/24)
Scrolls
 d - 2 scrolls of remove curse
 g - 6 scrolls of teleportation
 k - 2 scrolls of fear
 n - a scroll of fog
 p - 2 scrolls of amnesia
 H - 2 scrolls of identify
 O - a scroll of enchant armour
Potions
 h - 13 potions of curing
 j - 2 potions of flight
 r - 2 potions of invisibility
 t - 5 potions of cancellation
 x - 2 potions of lignification
 z - 2 potions of haste
 A - 3 potions of heal wounds
 B - a potion of agility
 C - a potion of berserk rage
 E - a potion of mutation
 I - 3 potions of brilliance
Books
 G - a book of Frost

   Spells                             Type                      Level
   a - Freeze                         Ice                          1
   b - Throw Frost                    Conjuration/Ice              2
   c - Ozocubu's Armour               Charms/Ice                   3
   d - Throw Icicle                   Conjuration/Ice              4
   e - Summon Ice Beast               Ice/Summoning                4
 L - a book of Conjurations

   Spells                             Type                      Level
   a - Magic Dart                     Conjuration                  1
   b - Searing Ray                    Conjuration                  2
   c - Dazzling Spray                 Conjuration/Hexes            3
   d - Fulminant Prism                Conjuration/Hexes            4
   e - Force Lance                    Conjuration/Translocation    4
   f - Iskenderun's Mystic Blast      Conjuration                  4
Comestibles
 b - 9 bread rations
 i - 7 fruits
 q - 7 meat rations
 s - 9 royal jellies
 v - 4 chunks of flesh


   Skills:
 + Level 7.4 Fighting
 + Level 7.0 Dodging
 - Level 1.1 Stealth
 + Level 1.8 Shields
 - Level 11.0 Unarmed Combat
 + Level 1.4 Charms
 + Level 3.6 Ice Magic
 + Level 5.2 Invocations


You had 7 spell levels left.
You knew the following spells:

 Your Spells              Type           Power        Failure   Level  Hunger
a - Ozocubu's Armour      Chrm/Ice       #.......     90%         3    ####...


Dungeon Overview and Level Annotations

Branches:
Dungeon (11/15)            Temple (1/1) D:5            Lair (0/6) D:9
    Orc (1/2) D:11

Altars:
Ashenzari
Cheibriados
Dithmenos
Elyvilon
Fedhas
Gozag
Hepliaklqana
Kikubaaqudgha
Makhleb
Nemelex Xobeh
Okawaru
Qazlal
Ru
Trog
Uskayaw
Vehumet
Wu Jian
Xom
Yredelemnul
Zin
The Shining One

Annotations:
Orc:1 Nergalle


Innate Abilities, Weirdness & Mutations

You are too large for most types of armour.
You have claws for hands.
Your metabolism is lightning-fast.
You like to eat raw meat.
Your natural rate of healing is unusually fast.
You are covered in fur. (AC +1)
You have very tough skin. (AC +2)


Message History

The white ugly thing headbutts you but does no damage.
You can now pass through a line of other dancers.
You scratch the white ugly thing.
The white ugly thing is heavily wounded.
The white ugly thing closely misses you.
You claw the white ugly thing!
The white ugly thing is severely wounded.
You closely miss the white ugly thing.
The white ugly thing is severely wounded.
The white ugly thing headbutts you. The white ugly thing freezes you!!
* * * LOW HITPOINT WARNING * * *
You are too injured to fight recklessly!
You are too injured to fight recklessly!
You stomp with the beat, sending a shockwave through the revelers around you!
The white ugly thing is almost dead.
You can no longer pass through a line of other dancers.
The white ugly thing headbutts you!
* * * LOW HITPOINT WARNING * * *
The white ugly thing freezes you!!
You die...

#.#. #
#.. # #..
# #.. # #
#.###.# #
#.....# #
#.....# #
#.# # #@#
.. # #u#
....# #)#
....#
#.###...8
#.)......
#.....##+
#.....#
#.#...#
#.....###


You could see a white ugly thing.

Vanquished Creatures
  Erica (D:8)
  3 two-headed ogres
  A centaur skeleton (D:10)
  A troll (D:10)
  A slime creature (D:7)
  Grinder (D:2)
  A shadow (D:11)
  A yak (D:9)
  A human (D:7)
  4 hogs (D:7)
  2 hungry ghosts
  Eustachio (D:4)
  Menkaure (D:4)
  A soldier ant (D:10)
  2 porcupines (D:9)
  4 orc warriors
  A sky beast (D:7)
  A black bear (D:11)
  2 ice beasts
  An eye of draining (D:11)
  3 ogres
  A phantom (D:6)
  2 crocodiles
  2 big kobolds (D:6)
  8 bullfrogs
  A wyvern zombie (D:6)
  A gnoll sergeant (D:11)
  A wyvern skeleton (D:9)
  3 scorpions
  4 wights (D:10)
  2 vampire bats (D:4)
  6 jellies (D:7)
  3 crimson imps
  3 centaur zombies
  A bullfrog zombie (D:5)
  3 hounds
  5 orc priests
  Natasha (twice) (D:3)
  3 iguanas
  Ijyb (D:3)
  8 orc wizards
  6 worker ants
  A killer bee zombie (D:9)
  A hound zombie (D:6)
  A worker ant zombie (D:11)
  A howler monkey skeleton (D:11)
  7 adders
  11 gnolls
  6 shadow imps
  13 oozes (D:7)
  An adder skeleton (D:4)
  A worm (D:3)
  3 dart slugs
  7 leopard geckos
  58 orcs
  12 bats
  4 giant cockroaches
  9 goblins
  3 hobgoblins
  7 jackals
  3 quokkas
  4 frilled lizards
  A goblin zombie (D:7)
  2 hobgoblin zombies (D:7)
  37 kobolds
  2 kobold skeletons (D:7)
  A kobold zombie (D:7)
  A leopard gecko skeleton (D:5)
  2 leopard gecko zombies
  3 orc zombies (D:7)
  10 rats
  3 plants (D:6)
315 creatures vanquished.

Vanquished Creatures (collateral kills)
  A two-headed ogre (D:10)
1 creature vanquished.

Vanquished Creatures (others)
  A kobold (D:6)
  6 fungi (D:7)
7 creatures vanquished.

Grand Total: 323 creatures vanquished

Notes
Turn   | Place    | Note
-------+----------+-------------------------------------------
     0 | D:1      | Lunath the Troll Monk began the quest for the Orb.
     0 | D:1      | Reached XP level 1. HP: 22/22 MP: 0/0
   189 | D:1      | Reached XP level 2. HP: 29/29 MP: 1/1
   649 | D:1      | Reached XP level 3. HP: 15/36 MP: 2/2
   919 | D:2      | Found a shimmering altar of Xom.
  1022 | D:2      | Reached skill level 4 in Unarmed Combat
  1022 | D:2      | Reached XP level 4. HP: 45/45 MP: 3/3
  1495 | D:3      | Noticed Grinder
  1513 | D:2      | Killed Grinder
  1513 | D:2      | Reached skill level 5 in Unarmed Combat
  1513 | D:2      | Reached XP level 5. HP: 24/53 MP: 4/4
  1513 | D:2      | Reached XP level 6. HP: 28/61 MP: 5/5
  1661 | D:3      | Found a hide-covered altar of Uskayaw.
  1664 | D:3      | Became a worshipper of Uskayaw the Reveler
  1664 | D:3      | Reached * piety under Uskayaw
  1705 | D:3      | Noticed Ijyb
  1722 | D:3      | Reached ** piety under Uskayaw
  1723 | D:3      | Killed Ijyb
  1927 | D:3      | Noticed Natasha
  1931 | D:3      | Killed Natasha
  2146 | D:3      | Noticed Natasha
  2151 | D:3      | Killed Natasha
  2337 | D:4      | Found a radiant altar of Vehumet.
  2356 | D:4      | Reached *** piety under Uskayaw
  2395 | D:4      | Reached XP level 7. HP: 43/70 MP: 6/6
  2425 | D:4      | Noticed Menkaure
  2429 | D:4      | Killed Menkaure
  2429 | D:4      | Reached skill level 6 in Unarmed Combat
  2476 | D:4      | Noticed Eustachio
  2499 | D:4      | Killed Eustachio
  2625 | D:4      | Reached **** piety under Uskayaw
  2631 | D:4      | Reached ***** piety under Uskayaw
  2774 | D:4      | Reached skill level 7 in Unarmed Combat
  2774 | D:4      | Reached XP level 8. HP: 79/79 MP: 7/7
  2899 | D:4      | Got a polished battleaxe
  2900 | D:4      | Identified the cursed +0 battleaxe of Qelomiuz {antimagic, Dex+5} (You found it on level 4 of the Dungeon)
  2962 | D:4      | You fall through a shaft for 3 floors!
  2968 | D:7      | Found a glowing golden altar of the Shining One.
  2992 | D:7      | Reached skill level 5 in Fighting
  3302 | D:6      | Reached skill level 1 in Invocations
  3334 | D:6      | Reached skill level 8 in Unarmed Combat
  3493 | D:6      | Reached skill level 5 in Dodging
  3499 | D:6      | Found a white marble altar of Elyvilon.
  3803 | D:5      | Entered Level 5 of the Dungeon
  3887 | D:5      | Found a shadowy altar of Dithmenos.
  3918 | D:5      | Found an ancient bone altar of Kikubaaqudgha.
  3934 | D:5      | Found a staircase to the Ecumenical Temple.
  3938 | Temple   | Entered the Ecumenical Temple
  4120 | D:5      | Found an iron altar of Okawaru.
  4130 | D:5      | Found a glowing golden altar of the Shining One.
  4529 | D:7      | Found an opulent altar of Gozag.
  4547 | D:7      | Reached XP level 9. HP: 55/88 MP: 9/9
  4652 | D:7      | Reached skill level 9 in Unarmed Combat
  4745 | D:7      | Reached ****** piety under Uskayaw
  5056 | D:8      | Learned a level 3 spell: Ozocubu's Armour
  5504 | D:8      | Noticed Erica
  5514 | D:8      | Killed Erica
  5514 | D:8      | Reached skill level 10 in Unarmed Combat
  5514 | D:8      | Reached skill level 1 in Ice Magic
  5514 | D:8      | Reached XP level 10. HP: 40/100 MP: 7/11
  5676 | D:9      | Noticed a two-headed ogre
  5689 | D:9      | Killed a two-headed ogre
  5746 | D:9      | Found a staircase to the Lair.
  6615 | D:10     | Entered Level 10 of the Dungeon
  6692 | D:10     | Noticed a two-headed ogre
  6697 | D:10     | Killed a two-headed ogre
  6767 | D:10     | Reached skill level 11 in Unarmed Combat
  6942 | D:10     | Noticed a two-headed ogre
  6953 | D:10     | Killed a two-headed ogre
  6953 | D:10     | Reached XP level 11. HP: 11/109 MP: 6/13
  7192 | D:10     | Reached skill level 5 in Invocations
  7317 | D:10     | Noticed a two-headed ogre
  7326 | D:10     | Killed a two-headed ogre
  7326 | D:10     | Reached skill level 1 in Shields
  7326 | D:10     | Reached skill level 1 in Charms
  7515 | D:11     | Found a staircase to the Orcish Mines.
  7552 | Orc:1    | Entered Level 1 of the Orcish Mines
  7552 | Orc:1    | Noticed Nergalle
  8006 | D:11     | Noticed a white ugly thing
  8030 | D:11     | Mangled by a white ugly thing

Vault maps used:
D:1:      saegor_arrival_simple_c, minmay_pentomino_x4
D:2:      xom_butterflies
D:3:      lemuel_doored_altar, uniq_natasha, uniq_ijyb, uniq_grinder
D:4:      kennysheep_mini, first_bread, minmay_guarded_unrand_vampires_tooth,
          uniq_eustachio, uniq_menkaure
D:5:      nicolae_overflow_hidden_temple, kiku_gazebo_pond_becter,
          grunt_dithmenos_smoke, lemuel_crystal_altar, temple_statues,
          basic_altar, st_stairs_14
D:6:      kennysheep_kobold_camp, kennysheep_mini_moat, serial_bayou_lagoon_a,
          minivault_27
D:7:      lemuel_slime, nicolae_tso_besieged_by_evil, grunt_livestock,
          nicolae_gozag_seed_capital
D:8:      uniq_erica
D:9:      grunt_lair_entry_orc_guard_hut, serial_co_window_serial,
          co_window_paths_a, co_window_paths_a, co_window_paths_a,
          co_window_paths_a, co_window_paths_a, co_window_paths_b,
          co_window_broadway_c, co_window_unsneaky_path_c, co_window_2corner,
          co_window_corner_ca, co_window_paths_c, co_window_cross_2,
          glass_columns_b, glass_columns_b, glass_columns_c, glass_columns_a,
          glass_columns_b
D:11:     hiddenorc2_lemuel, serial_shops, shop_statue, minmay_misc_feat_iff,
          roderic_nine_men_s_morris, minmay_misc_feat_tower
Temple:   nicolae_temple_x_marks_the_god
Orc:1:    uniq_nergalle

Skill      XL: |  1  2  3  4  5  6  7  8  9 10 11 |
---------------+----------------------------------+-----
Fighting       | 3 4 5 6 7 |  7.4
Unarmed Combat | 4 5 7 8 10 11 | 11.0
Dodging        | 3 4 5 6 7 |  7.0
Invocations    | 2 3 4 5 |  5.2
Ice Magic      | 1 2 3 |  3.6
Shields        | 1 |  1.8
Charms         | 1 |  1.4
Stealth        | |  1.1

Action                   |  1- 3 |  4- 6 |  7- 9 | 10-12 || total
-------------------------+-------+-------+-------+-------++-------
Melee: Unarmed           |   108 |   145 |   387 |   258 ||   898
       Punch             |     1 |     1 |    16 |     8 ||    26
Invok: Stomp             |       |       |     1 |     5 ||     6
       Line Pass         |       |       |       |     1 ||     1
  Use: Scroll            |       |       |    16 |    12 ||    28
 Stab: Sleeping          |     2 |     5 |       |     2 ||     9
       Paralysed         |       |     1 |    13 |    11 ||    25
       Confused          |       |       |       |     1 ||     1
  Eat: Chunk             |    15 |    12 |    29 |    35 ||    91
Armor: Robe              |    43 |    31 |    82 |    37 ||   193
Dodge: Dodged            |    77 |    87 |   164 |    99 ||   427
Block: Shield            |       |       |       |    37 ||    37
